 Dungeon Crawl Stone Soup version 0.30-a0-40-gc6d0f036a7 (webtiles) character file.

Game seed: 1050582529319133622

19 ytrimaz the Insei (level 2, -4/27 HPs)
             Began as an Octopode Transmuter on Aug 29, 2022.
             Slain by Sigmund
             ... wielding a +1 antimagic scythe
              (7 damage)
             ... on level 2 of the Dungeon.
             The game lasted 00:01:27 (991 turns).

ytrimaz the Insei (Octopode Transmuter)              Turns: 991, Time: 00:01:28

Health: -4/27      AC: 21    Str:  9    XL:     2   Next: 75%
Magic:  1/5        EV: -1    Int: 15    God:
Gold:   52         SH:  0    Dex: 12    Spells: 4/5 levels left

rFire   . . .      SeeInvis +      - Unarmed
rCold   . . .      Faith    .    (no shield)
rNeg    . . .      Spirit   .    (helmet currently unavailable)
rPois   +          Reflect  .    (no amulet)
rElec   .          Harm     .    g - ring of see invisible
rCorr   .          Rampage  .    (no ring)
Will    .....      NoTele   +    (no ring)
Stlth   +.........               (no ring)
HPRegen 0.09/turn                (no ring)
MPRegen 0.09/turn                (no ring)
                                 (no ring)
                                 (no ring)

@: confused, tree-form, hasted, constricted, very quick
A: stationary, stasis, torment immunity, boosted hp, almost no armour,
(amphibious), 8 rings, (camouflage 1), (gelatinous body 1), (nimble swimmer 1),
(tentacles)
a: no special abilities


You were on level 2 of the Dungeon.
You were a tree.
You visited 1 branch of the dungeon, and saw 2 of its levels.

You collected 52 gold pieces.

Inventory:

Jewellery
 c - a ring of fire
 d - an amulet of faith
 g - a ring of see invisible (left branch)
Scrolls
 e - a scroll of fear
 i - 2 scrolls of amnesia
Potions
 a - a potion of lignification


   Skills:
 - Level 1.0 Fighting
 - Level 2.0 Dodging
 + Level 3.9 Unarmed Combat
 - Level 2.0 Spellcasting
 - Level 2.0 Transmutations


You had 4 spell levels left.
You knew the following spells:

 Your Spells              Type           Power      Damage    Failure   Level
a - Beastly Appendage     Tmut           14%        N/A       10%         1

Your spell library contained the following spells:

 Spells                   Type           Power      Damage    Failure   Level
 Wereblood                Tmut           7%         N/A       14%         2
 Spider Form              Tmut/Pois      4%         N/A       41%         3
 Ice Form                 Ice/Tmut       4%         N/A       82%         4


Dungeon Overview and Level Annotations

Branches:
Dungeon (2/15)

Altars:

Annotations:
D:2 Sigmund


Innate Abilities, Weirdness & Mutations

You are a tree.
Your roots penetrate the ground, keeping you stationary.
You cannot be teleported.
You are immune to unholy pain and torment.
Your maximum health is greatly increased.
You cannot wear most types of armour.
((You are amphibious.))
You can wear up to eight rings at the same time.
((Your skin changes colour to match your surroundings (Stealth+).))
((Your rubbery body absorbs attacks. (AC +1, EV +1)))
((You are camouflaged when in or above water. (Stealth+)))
((You have tentacles for arms and can constrict up to eight enemies at once.))


Message History

The ball python constricts you.
Unknown command.
You cannot move. (Use ctrl+direction or * direction to attack while stationary and confused.)
Okay, then.
You cannot move. (Use ctrl+direction or * direction to attack while stationary and confused.)
You are too confused!
Unknown command.
Unknown command.
You are too confused!
Unknown command.
You cannot move. (Use ctrl+direction or * direction to attack while stationary and confused.)
You cannot move. (Use ctrl+direction or * direction to attack while stationary and confused.)
You swing at nothing.
Sigmund gestures wildly while chanting.
Sigmund flickers and vanishes for a moment.
The hobgoblin hits you but does no damage.
You hit the ball python but do no damage.
The ball python bites you but does no damage.
The ball python constricts you.
You swing at nothing.
The ball python bites you but does no damage.
The ball python constricts you.
The hobgoblin hits you but does no damage.
Sigmund points at you and mumbles some strange words.
You are more confused.
The endoplasm hits you but does no damage.
Unknown command.
You cannot move. (Use ctrl+direction or * direction to attack while stationary and confused.)
You cannot move. (Use ctrl+direction or * direction to attack while stationary and confused.) Unknown command.
You cannot move. (Use ctrl+direction or * direction to attack while stationary and confused.)
You hit Sigmund but do no damage.
Sigmund is lightly wounded.
The ball python bites you but does no damage.
The ball python constricts you. The endoplasm freezes you.
You are frozen.
* * * LOW HITPOINT WARNING * * *
Sigmund hits you with a +1 antimagic scythe!
You die...

#.......# ##.......#.#
........#.# #...!.....#
######## #......#..#
#....... ..##......#..#
#....... ......@g.....#
#....... ......g♣S..#.#
#....... ......J......##
#....... ..............#
#.......
...?...##.....###...>...
......# #...#...........
=#..........#...........
#####........####.##.##
#........####....#
........#.##......#


You could see Sigmund (invisible), an endoplasm, 2 hobgoblins and a ball python.

Vanquished Creatures
  A dart slug (D:1)
  A ball python (D:1)
  2 endoplasms (D:1)
  6 goblins (D:1)
  2 hobgoblins (D:1)
  3 frilled lizards (D:1)
15 creatures vanquished.

Notes
Turn   | Place    | Note
-------+----------+-------------------------------------------
     0 | D:1      | ytrimaz the Octopode Transmuter began the quest for the
                  | Orb.
     0 | D:1      | Reached XP level 1. HP: 13/13 MP: 3/3
    74 | D:1      | Found a faded altar of an unknown god.
   168 | D:1      | Reached XP level 2. HP: 13/18 MP: 3/5
   967 | D:2      | Noticed Sigmund
   970 | D:2      | Identified the +2 ring mail of Tortured Beauty {+Blink
                  | rElec}
   991 | D:2      | Slain by Sigmund

Illustrated notes

Levels and vault maps discovered:
D:1:      dpeg_arrival_windows_large_door, layout_rooms, basic_ecumenical_altar,
          minmay_tetromino_t2
D:2:      layout_rooms, basic_altar, uniq_sigmund

Action                   || total
-------------------------++-------
Melee: Unarmed           ||    34
       Constrict         ||     6
       Tentacles         ||     4
       Kick              ||     1
       Punch             ||     1
 Cast: Beastly Appendage ||     7
  Use: Potion            ||     4
       Scroll            ||     3
Armor: Skin              ||    18
Dodge: Dodged            ||    23

Table legend: (Time is in decaauts)
 A = Elapsed time spent in this place.
 B = Non-inter-level travel time spent in this place.
 C = Inter-level travel time spent in this place.
 D = Time resting spent in this place.
 E = Time spent auto-exploring this place.
 F = Levels seen in this place.
 G = Mean time per level.
                   A        B        C        D        E       F      G
               +--------+--------+--------+--------+--------+-----+--------+
         Total |    983 |    967 |     16 |      0 |    821 |   2 |  491.5 |
       Dungeon |    983 |    967 |     16 |      0 |    821 |   2 |  491.5 |
               +--------+--------+--------+--------+--------+-----+--------+

Top non-repeatable levels by time:
     D:1: 917 daAuts
     D:2: 66 daAuts
